 Dungeon Crawl Stone Soup version 0.24.1-14-gf8d2b509d9 (webtiles) character file.

Game seed: 1169971209850483704, levelgen mode: deterministic

13643 cstieg1 the Cleaver (level 12, -3/110 HPs)
             Began as a Naga Warper on Oct 8, 2020.
             Was a High Priest of Cheibriados.
             Killed from afar by Fannar (40 damage)
             ... with a bolt of cold
             ... on level 11 of the Dungeon.
             The game lasted 00:44:40 (15519 turns).

cstieg1 the Cleaver (Naga Warper)                  Turns: 15519, Time: 00:44:40

Health: -3/110     AC: 16    Str: 32    XL:     12   Next: 8%
Magic:  7/18       EV: 16    Int: 28    God:    Cheibriados [*****.]
Gold:   618        SH:  5    Dex: 25    Spells: 7/19 levels left

rFire    + + .     SeeInvis +   B - +5 hand axe
rCold    . . .     Gourm    .   (no shield)
rNeg     + . .     Faith    .   y - +3 salamander hide armour {+Rage rF++}
rPois    +         Spirit   .   (no helmet)
rElec    .         Reflect  +   L - +1 cloak {rPois}
rCorr    .         Harm     .   g - +0 pair of gloves
MR       +....                  (no barding)
Stlth    ++........             l - +5 amulet of reflection
HPRegen  0.28/turn              h - +3 ring of protection
MPRegen  0.16/turn              I - ring of positive energy

@: short of breath, shrouded, very slow
A: large, see invisible, deformed body, poison resistance, slowness 2, slow
metabolism 1, spit poison 1, AC +4
a: Spit Poison, Bend Time, Temporal Distortion, Slouch, Step From Time, Renounce
Religion, Evoke Berserk Rage


You were on level 11 of the Dungeon.
You worshipped Cheibriados.
Cheibriados was extremely pleased with you.
You were hungry.

You visited 1 branch of the dungeon, and saw 11 of its levels.

You collected 618 gold pieces.

Inventory:

Hand Weapons
 a - a +1 hand axe of freezing
 b - a +0 hunting sling
 B - a +5 hand axe (weapon)
 H - the +4 mace "Fumemup" {venom, +Inv rPois rF+++ Stlth-}
   (You found it on level 7 of the Dungeon)

   It poisons the flesh of those it strikes.
   It renders you almost immune to fire.
   It protects you from poison.
   It lets you turn invisible.
   It makes you less stealthy.
 N - a +4 spear of freezing
 P - a +0 war axe
 U - the +7 falchion "Killer Klown's Regret" {freeze, *Slow +Blink rC+++, unknown}
   (You found it on level 11 of the Dungeon)

   It has been specially enchanted to freeze those struck by it, causing extra
   injury to most foes and up to half again as much damage against particularly
   susceptible opponents.
   It can also slow down cold-blooded creatures.
   It renders you almost immune to cold.
   It lets you blink.
   It may slow you when you take damage.
Missiles
 c - 61 poisoned darts
 e - 4 boomerangs of dispersal (quivered)
 p - 70 sling bullets
 s - 228 arrows
 z - 10 boomerangs
Armour
 g - a +0 pair of gloves (worn)
 y - the +3 salamander hide armour (worn) {+Rage rF++}
   (You found it on level 4 of the Dungeon)

   It greatly protects you from fire.
   It lets you go berserk.
 L - a +1 cloak of poison resistance (worn)
 M - a +0 shield
 O - the +1 robe of Negation {rElec Dex+3, unknown}
   (You found it on level 9 of the Dungeon)

   It affects your dexterity (+3).
   It insulates you from electricity.
Jewellery
 h - a +3 ring of protection (left hand)
 l - a +5 amulet of reflection (around neck)
 F - an uncursed amulet of guardian spirit {unknown}
 I - a ring of positive energy (right hand)
Wands
 t - a wand of paralysis (12)
 x - a wand of iceblast (5)
 G - a wand of enslavement (5)
 K - a wand of polymorph (5)
 W - a wand of scattershot (6)
Scrolls
 d - 3 scrolls of blinking
 i - 2 scrolls of fog
 k - 4 scrolls of remove curse
 m - a scroll of amnesia
 v - a scroll of immolation
 C - 2 scrolls of enchant weapon
 E - 2 scrolls of vulnerability
 J - 3 scrolls of magic mapping
 R - 3 scrolls of teleportation
 T - a scroll of fear {unknown}
Potions
 j - a potion of berserk rage
 n - a potion of invisibility
 o - a potion of flight
 q - a potion of mutation
 r - a potion of might
 u - a potion of lignification
 w - 3 potions of heal wounds
 A - a potion of ambrosia
 D - a potion of brilliance
 Q - 2 potions of curing
 S - a potion of haste {unknown}
Comestibles
 f - 16 rations
 V - a chunk of flesh


   Skills:
 + Level 8.1 Fighting
 * Level 11.4 Axes
 - Level 1.0 Throwing
 + Level 6.6 Armour
 + Level 6.8 Dodging
 - Level 4.0 Spellcasting
 - Level 2.0 Charms
 - Level 4.0 Translocations
 - Level 2.0 Transmutations
 + Level 4.8 Invocations


You had 7 spell levels left.
You knew the following spells:

 Your Spells              Type           Power        Failure   Level  Hunger
a - Blink                 Tloc           N/A          2%          2    None
b - Shroud of Golubria    Chrm/Tloc      ###...       3%          2    None
c - Sticks to Snakes      Tmut           ###.....     5%          2    None
d - Teleport Other        Tloc           ####....     4%          3    ##.....
e - Gell's Gravitas       Tloc           ####......   4%          3    ##.....

Your spell library contained the following spells:

 Spells                   Type           Power        Failure   Level  Hunger
 Beastly Appendage        Tmut           ###...       3%          1    None
 Lesser Beckoning         Tloc           ####......   4%          3    ##.....
 Spider Form              Tmut/Pois      ##........   16%         3    ##.....
 Passage of Golubria      Tloc           N/A          16%         4    ####...
 Ice Form                 Ice/Tmut       ##......     45%         4    ####...
 Blade Hands              Tmut           ###.......   67%         5    #####..


Dungeon Overview and Level Annotations

Branches:
Dungeon (11/15)            Temple (0/1) D:6            Lair (0/6) D:9
    Orc (0/2) D:9

Altars:
Cheibriados
Elyvilon
Fedhas
Hepliaklqana
Nemelex Xobeh
Okawaru
Ru
Sif Muna
Uskayaw
Vehumet
Xom
Yredelemnul
Zin
Beogh

Shops:
D:6 *

Annotations:
D:3 exclusion: oklob plant
D:8 1 runed translucent door, Lucine's ghost, novice TeCj
D:11 4 runed translucent doors, Fannar


Innate Abilities, Weirdness & Mutations

You cannot wear boots.
Your serpentine skin is tough. (AC +4)
You have supernaturally acute eyesight. (SInv)
Armour fits poorly on your strangely shaped body.
Your system is resistant to poisons. (rPois)
You cover ground very slowly.
You have a slow metabolism.
You can spit poison.


Message History

You are feeling hungry.
Aiming: Scattershot
Press: ? - help, Shift-Dir - straight line, f/p - Fannar
Aim: Fannar, wielding a +0 quarterstaff of freezing, wearing a +1 robe of cold resistance and wearing an uncursed ring of ice (lightly wounded, slow, covered in an icy film, unusually resistant)
The burst of metal fragments hits Fannar but does no damage. x3
Fannar is lightly wounded.
Fannar misses you.
Aiming: Polymorph
Press: ? - help, Shift-Dir - straight line, f/p - Fannar
Aim: Fannar, wielding a +0 quarterstaff of freezing, wearing a +1 robe of cold resistance and wearing an uncursed ring of ice (lightly wounded, slow, covered in an icy film, unusually resistant, chance to defeat MR: 6%)
Okay, then.
Unknown command.
Press: ? - help, Shift-Dir - straight line, f/p - Fannar
Aim: Fannar, wielding a +0 quarterstaff of freezing, wearing a +1 robe of cold resistance and wearing an uncursed ring of ice (lightly wounded, slow, covered in an icy film, unusually resistant)
The splash of poison hits Fannar.
Fannar is lightly wounded.
You feel slightly more hungry. Fannar casts a spell at you.
The bolt of cold hits you!!!
You die...

#..#..#.#.# #..#.#.##..
#.........# #.##.######
#.##.# # #.###.##.# #
##.### #........# ##
##.....#######.#.## ##.
#.....e@.#####....####..
.....<...............'..
#...##.#.#####....####..
##. ...#.# #.#.## ##.
#..###.# #.##### ## #..
#.# #.....# # #. ..#
#####.# ## ### #.# #.#


You could see Fannar.

Vanquished Creatures
  A centaur warrior (D:11)
  3 two-headed ogres
  2 unseen horrors
  Maurice (D:8)
  2 trolls (D:11)
  A hippogriff (D:8)
  5 yaks (D:11)
  2 basilisks
  A vampire (D:10)
  A wraith (D:7)
  2 wyverns (D:11)
  2 hungry ghosts
  4 porcupines
  5 ice beasts
  A sky beast (D:10)
  6 orc warriors
  4 black bears
  2 phantoms
  3 ogres
  2 necrophages (D:7)
  3 wolves (D:8)
  6 centaurs
  2 crocodiles
  An elf zombie (D:7)
  4 big kobolds
  3 bullfrogs
  2 gnoll sergeants (D:8)
  A water moccasin zombie (D:7)
  A troll zombie (D:7)
  A wyvern skeleton (D:9)
  5 wights
  3 killer bees (D:7)
  5 howler monkeys
  A bullfrog zombie (D:5)
  6 crimson imps
  A quasit (D:7)
  3 centaur zombies
  4 hounds
  2 jellies
  11 orc priests
  4 human zombies (D:7)
  Crazy Yiuf (D:7)
  2 bullfrog skeletons
  A human skeleton (D:7)
  5 iguanas
  10 orc wizards
  6 worker ants
  A hound skeleton (D:5)
  A worker ant zombie (D:5)
  A howler monkey zombie (D:10)
  11 gnolls
  20 adders
  2 howler monkey skeletons
  2 shadow imps
  A white imp (D:9)
  2 oozes
  2 adder zombies
  An adder skeleton (D:8)
  2 worms
  4 dart slugs
  6 leopard geckos
  40 orcs
  2 ball pythons
  3 giant cockroaches
  4 goblins
  6 hobgoblins
  13 jackals
  6 quokkas
  8 bats
  5 frilled lizards
  2 jackal skeletons (D:5)
  33 kobolds
  2 leopard gecko skeletons
  A quokka zombie (D:3)
  5 rats
330 creatures vanquished.

Vanquished Creatures (others)
  3 centaurs
  A worker ant zombie (D:9)
4 creatures vanquished.

Grand Total: 334 creatures vanquished

Notes
Turn   | Place    | Note
-------+----------+-------------------------------------------
     0 | D:1      | cstieg1 the Naga Warper began the quest for the Orb.
     0 | D:1      | Reached XP level 1. HP: 19/19 MP: 3/3
   415 | D:1      | Reached skill level 1 in Throwing
   456 | D:1      | Reached XP level 2. HP: 20/26 MP: 5/5
   457 | D:1      | Reached skill level 1 in Armour
   888 | D:1      | Reached XP level 3. HP: 27/32 MP: 6/6
   940 | D:1      | Learned a level 2 spell: Blink
   943 | D:1      | Learned a level 2 spell: Shroud of Golubria
  1296 | D:2      | Reached XP level 4. HP: 30/40 MP: 5/7
  1401 | D:2      | Reached skill level 3 in Axes
  1734 | D:2      | Found a sacrificial altar of Ru.
  2059 | D:2      | Reached XP level 5. HP: 42/46 MP: 8/8
  2184 | D:2      | You fall into a shaft and drop 2 floors!
  2189 | D:4      | Noticed a hungry ghost
  2234 | D:4      | Killed a hungry ghost
  2234 | D:4      | Reached skill level 4 in Axes
  2234 | D:4      | Reached XP level 6. HP: 36/56 MP: 8/10
  2458 | D:3      | Found an iron altar of Okawaru.
  2921 | D:3      | Learned a level 2 spell: Sticks to Snakes
  2925 | D:3      | Learned a level 3 spell: Teleport Other
  3049 | D:3      | Found a faded altar of an unknown god.
  3604 | D:3      | Reached XP level 7. HP: 61/62 MP: 11/11
  3805 | D:3      | Found a blossoming altar of Fedhas.
  3824 | D:3      | Noticed an oklob plant
  4022 | D:4      | Found a shimmering altar of Xom.
  4027 | D:4      | Found a shimmering blue altar of Sif Muna.
  4028 | D:4      | Found a sparkling altar of Nemelex Xobeh.
  4030 | D:4      | Found a hazy altar of Hepliaklqana.
  4034 | D:4      | Found the +3 salamander hide armour {+Rage rF++}
  4223 | D:4      | Reached skill level 1 in Charms
  4223 | D:4      | Reached skill level 1 in Transmutations
  4717 | D:5      | Entered Level 5 of the Dungeon
  4886 | D:5      | Reached skill level 5 in Axes
  5112 | D:5      | Found a hide-covered altar of Uskayaw.
  5226 | D:5      | Found a snail-covered altar of Cheibriados.
  5257 | D:5      | Reached XP level 8. HP: 68/72 MP: 13/13
  5259 | D:5      | Became a worshipper of Cheibriados the Contemplative
  5466 | D:5      | Learned a level 3 spell: Gell's Gravitas
  6164 | D:6      | Reached * piety under Cheibriados
  6192 | D:6      | Reached skill level 6 in Axes
  6631 | D:6      | Found Juuto's Lightly-Used Armoury.
  6829 | D:6      | Found a staircase to the Ecumenical Temple.
  7202 | D:7      | Reached XP level 9. HP: 79/79 MP: 15/15
  7342 | D:7      | Reached ** piety under Cheibriados
  7478 | D:7      | Found Ofeitoq's Antique Armour Shop.
  7506 | D:7      | Found a radiant altar of Vehumet.
  7794 | D:7      | Found a runed translucent door.
  7795 | D:7      | Noticed Crazy Yiuf
  7806 | D:7      | Killed Crazy Yiuf
  7814 | D:7      | Got a transparent mace
  7815 | D:7      | Identified the +4 mace "Fumemup" {venom, +Inv rPois rF+++
                  | Stlth-} (You found it on level 7 of the Dungeon)
  8199 | D:8      | Reached skill level 7 in Axes
  8207 | D:8      | Reached skill level 5 in Fighting
  8841 | D:8      | Noticed a two-headed ogre
  8856 | D:7      | Reached *** piety under Cheibriados
  8861 | D:7      | Reached skill level 8 in Axes
  9334 | D:7      | Reached XP level 10. HP: 91/91 MP: 16/16
  9338 | D:7      | Found a basalt altar of Yredelemnul.
  9567 | D:7      | Reached skill level 5 in Dodging
  9648 | D:8      | Killed a two-headed ogre
  9648 | D:8      | Reached skill level 5 in Armour
  9668 | D:7      | Reached skill level 9 in Axes
 10000 | D:8      | Found a runed translucent door.
 10052 | D:8      | Noticed Maurice
 10070 | D:8      | Killed Maurice
 10237 | D:8      | Reached **** piety under Cheibriados
 10757 | D:8      | Found a glowing silver altar of Zin.
 10787 | D:8      | Noticed Lucine's ghost (novice TeCj)
 10816 | D:9      | Noticed an unseen horror
 10841 | D:8      | Reached skill level 1 in Invocations
 11036 | D:8      | Killed an unseen horror
 11036 | D:8      | Reached XP level 11. HP: 54/100 MP: 17/17
 11223 | D:9      | Reached skill level 10 in Axes
 11511 | D:9      | Got a brightly glowing robe
 11521 | D:9      | Found a staircase to the Lair.
 11542 | D:9      | Reached ***** piety under Cheibriados
 11740 | D:9      | Found a white marble altar of Elyvilon.
 11806 | D:9      | Found a roughly hewn altar of Beogh.
 11806 | D:9      | Found a staircase to the Orcish Mines.
 12843 | D:10     | Entered Level 10 of the Dungeon
 14403 | D:11     | Found a large runed translucent door.
 14403 | D:11     | Found a large runed translucent door.
 14409 | D:11     | Noticed a cyclops
 14409 | D:11     | Noticed a cyclops
 14437 | D:11     | Found a large runed translucent door.
 14437 | D:11     | Found a large runed translucent door.
 14470 | D:11     | Noticed a two-headed ogre
 14483 | D:11     | Killed a two-headed ogre
 14528 | D:11     | Noticed a centaur warrior
 14541 | D:11     | Killed a centaur warrior
 14804 | D:11     | Got an iridescent falchion
 14913 | D:11     | Reached skill level 11 in Axes
 14939 | D:11     | Noticed an unseen horror
 14939 | D:11     | Noticed a two-headed ogre
 14951 | D:11     | Killed an unseen horror
 14964 | D:11     | Killed a two-headed ogre
 15342 | D:11     | Reached XP level 12. HP: 87/110 MP: 18/18
 15502 | D:11     | Noticed Fannar
 15519 | D:11     | Killed from afar by Fannar

Levels and vault maps discovered:
D:1:      minmay_arrival_plants_in_alcoves, layout_rooms
D:2:      layout_basic, nicolae_ru_path_of_blood
D:3:      layout_loops_ring, tgw_fedhas, lemuel_crystal_altar,
          chequers_ecumenical_altar_island, first_ration, dk_noncrumbling_4,
          minivault_5
D:4:      layout_basic, nicolae_overflow_hidden_temple,
          gammafunk_temple_overflow_forgotten, minmay_quadrilaterals
D:5:      kennysheep_big_flooded_room, layout_loops_cross,
          nicolae_overflow_crystal_walls, lemuel_crystal_altar
D:6:      layout_basic, minmay_temple_entry_metal_lava, st_stairs_4,
          minmay_misc_feat_pillars, serial_park_tiny_1, minmay_shop_damaged
D:7:      layout_rooms, vehumet_crystals, lemuel_mausoleum_altar_yredelemnul,
          serial_shops, shop, uniq_crazy_yiuf_cottage
D:8:      layout_rooms, marbit_many_paths, ebering_ghost_reflecting_pool,
          minmay_misc_feat_chi, uniq_maurice
D:9:      layout_gridville, kennysheep_little_box, minmay_lair_entry_grove,
          david_orc_5, serial_glass, glass_columns_c, glass_columns_a,
          glass_columns_a, glass_columns_a, glass_columns_b, glass_columns_b,
          minmay_strange_pillars, feat_on_display, grunt_ogre_cave,
          minmay_fire_ice_demons
D:10:     layout_layer_cave
D:11:     layout_loops_corners, minmay_hollow_rounded_squares, uniq_fannar

Skill      XL: |  1  2  3  4  5  6  7  8  9 10 11 |
---------------+----------------------------------+-----
Throwing       | 1 |  1.0
Armour         | 1 2 3 4 5 6 |  6.6
Dodging        | 2 3 4 5 6 |  6.8
Axes           | 3 4 5 6 8 9 11 | 11.4
Fighting       | 3 4 5 7 8 |  8.1
Spellcasting   | 3 4 |  4.0
Charms         | 1 2 |  2.0
Transmutations | 1 2 |  2.0
Translocations | 4 |  4.0
Invocations    | 2 4 |  4.8

Action                   |  1- 3 |  4- 6 |  7- 9 | 10-12 || total
-------------------------+-------+-------+-------+-------++-------
Melee: Hand axe          |    59 |   209 |   581 |   527 ||  1376
       Unarmed           |       |       |       |     8 ||     8
 Fire: Hunting sling     |       |    32 |   120 |   118 ||   270
Throw: Boomerang         |       |       |       |     1 ||     1
 Cast: Blink             |     1 |       |     1 |     7 ||     9
       Sticks to Snakes  |       |       |     7 |     5 ||    12
       Shroud of Golubri |       |       |     6 |     7 ||    13
       Teleport Other    |       |       |     1 |       ||     1
Invok: Slouch            |       |       |       |     3 ||     3
       Bend Time         |       |       |       |     1 ||     1
 Abil: Spit Poison       |    21 |    21 |    32 |    32 ||   106
Evoke: Wand              |       |       |       |     3 ||     3
  Use: Scroll            |       |     7 |     8 |     4 ||    19
       Potion            |       |       |     1 |       ||     1
 Stab: Sleeping          |       |       |       |     3 ||     3
       Confused          |       |       |       |     1 ||     1
  Eat: Chunk             |     1 |     8 |    20 |    14 ||    43
       Ration            |       |     3 |       |       ||     3
Armor: Leather armour    |    19 |    92 |   261 |   225 ||   597
       Skin              |       |       |       |     3 ||     3
Dodge: Dodged            |    37 |   115 |   325 |   306 ||   783
Block: Other             |       |    24 |   141 |   108 ||   273
       Reflection        |       |     3 |     9 |     6 ||    18
